PA
GALESBURG GUZZLERS @ CUT OFF CRAWDADS
07/26/2042
 
TOP OF THE 1ST
Galesburg Guzzlers batting - Pitching for Cut Off Crawdads : LHP Ángel Díaz
Pitching: LHP Ángel Díaz
Batting: RHB Nathan Nelson 0-0: Fly out, F3 (Popup, 3S, EV 66.9 MPH)
Batting: RHB David Báez 0-0: Called Strike
0-1: Swinging Strike
0-2: Ball
1-2: Ball
2-2: Ball
3-2: Foul Ball, location: 2F
3-2: Strikes out looking
Batting: RHB Ethan Allcorn 0-0: Ball
1-0: Called Strike
1-1: Ball
2-1: Foul Ball, location: 2F
2-2: Foul Ball, location: 2F
2-2: Ball
3-2: Ground out 5-3 (Groundball, 5L, EV 85.6 MPH)
Top of the 1st over - 0 runs, 0 hits, 0 errors, 0 left on base; Galesburg 0 - Cut Off 0
BOTTOM OF THE 1ST
Cut Off Crawdads batting - Pitching for Galesburg Guzzlers : LHP Ron Lucas
Pitching: LHP Ron Lucas
Batting: RHB Alan Shepherd 0-0: Ball
1-0: Called Strike
1-1: Ground out 1-3 (Groundball, P, EV 80.6 MPH)
Batting: RHB Anthony Roosemont 0-0: Ball
1-0: Called Strike
1-1: Called Strike
1-2: Ground out 5-3 (Groundball, 56S, EV 89.4 MPH)
Batting: RHB Ramón Gabriel 0-0: Called Strike
0-1: Fly out, F8 (Flyball, 8LD, EV 98.1 MPH)
Bottom of the 1st over - 0 runs, 0 hits, 0 errors, 0 left on base; Galesburg 0 - Cut Off 0
TOP OF THE 2ND
Galesburg Guzzlers batting - Pitching for Cut Off Crawdads : LHP Ángel Díaz
Batting: RHB Shadow Espinoza 0-0: Called Strike
0-1: Foul Ball, location: 2F
0-2: Ball
1-2: Foul Ball, location: 2F
1-2: Ball
2-2: SINGLE (Line Drive, 34, EV 95.0 MPH)
Batting: LHB Luis Flores 0-0: Called Strike
0-1: Fly out, F2 (Popup, 13S, EV 88.8 MPH)
Batting: RHB Cheh Che 0-0: Ball
1-0: Ball
2-0: SINGLE (Groundball, 4S, EV 67.5 MPH) (infield hit)
Shadow Espinoza to second
Batting: RHB Woody Marshall 0-0: Ball
1-0: Foul Ball, location: 2F
1-1: Foul Ball, location: 2F
1-2: Ball
2-2: Strikes out swinging
Batting: RHB George O'Rorke 0-0: Called Strike
0-1: SINGLE (Line Drive, 3D, EV 106.9 MPH)
Shadow Espinoza to third
Cheh Che to second
Runner from 3rd tries for Home, SAFE, throw by RF to home
Batting: RHB Francis Hicken 0-0: Called Strike
0-1: Ball
1-1: Ball
Wild Pitch!
Cheh Che to third
George O'Rorke to second
2-1: Swinging Strike
2-2: Strikes out swinging
Top of the 2nd over - 1 run, 3 hits, 0 errors, 2 left on base; Galesburg 1 - Cut Off 0
BOTTOM OF THE 2ND
Cut Off Crawdads batting - Pitching for Galesburg Guzzlers : LHP Ron Lucas
Batting: RHB Michael Warner 0-0: Ball
1-0: Foul Ball, location: 2F
1-1: Foul Ball, location: 2F
1-2: SINGLE (Flyball, 8RS, EV 93.8 MPH)
Batting: RHB Tim Hankins 0-0: Ball
1-0: Ball
2-0: Foul Ball, location: 2F
2-1: Grounds into double play, 6-4-3 (Groundball, 6S, EV 92.5 MPH)
Batting: RHB Heng-zong Pao 0-0: Ball
1-0: Foul Ball, location: 2F
1-1: Fly out, F8 (Flyball, 8LD, EV 90.6 MPH)
Bottom of the 2nd over - 0 runs, 1 hit, 0 errors, 0 left on base; Galesburg 1 - Cut Off 0
TOP OF THE 3RD
Galesburg Guzzlers batting - Pitching for Cut Off Crawdads : LHP Ángel Díaz
Batting: RHB Nathan Nelson 0-0: Ball
1-0: Called Strike
1-1: Fly out, F8 (Flyball, 78D, EV 91.2 MPH)
Batting: RHB David Báez 0-0: Foul Ball, location: 2F
0-1: Ball
1-1: Ground out 6-3 (Groundball, 6, EV 88.1 MPH)
Batting: RHB Ethan Allcorn 0-0: Ball
1-0: Fly out, F8 (Line Drive, 8RD, EV 92.5 MPH)
Top of the 3rd over - 0 runs, 0 hits, 0 errors, 0 left on base; Galesburg 1 - Cut Off 0
BOTTOM OF THE 3RD
Cut Off Crawdads batting - Pitching for Galesburg Guzzlers : LHP Ron Lucas
Batting: SHB Gabriel Ortíz 0-0: Ball
1-0: Foul Ball, location: 2F
1-1: Ball
2-1: Swinging Strike
2-2: Foul Ball, location: 2F
2-2: Ground out 6-3 (Groundball, 6, EV 80.6 MPH)
Batting: LHB Sam Wells 0-0: Ball
1-0: Ground out 4-3 (Groundball, 4, EV 87.5 MPH)
Batting: RHB Anthony Mitchell 0-0: SINGLE (Line Drive, 8RS, EV 107.5 MPH)
Batting: RHB Alan Shepherd 0-0: Called Strike
0-1: Foul Ball, location: 2F
0-2: Ball
1-2: Ball
2-2: SINGLE (Groundball, 56D, EV 95.0 MPH)
Anthony Mitchell to second
Batting: RHB Anthony Roosemont 0-0: Foul Ball, location: 2F
0-1: Ball
1-1: Fly out, F4 (Line Drive, 4, EV 71.9 MPH)
Bottom of the 3rd over - 0 runs, 2 hits, 0 errors, 2 left on base; Galesburg 1 - Cut Off 0
TOP OF THE 4TH
Galesburg Guzzlers batting - Pitching for Cut Off Crawdads : LHP Ángel Díaz
Batting: RHB Shadow Espinoza 0-0: Called Strike
0-1: Ball
1-1: Ball
2-1: Hit by Pitch
Batting: LHB Luis Flores 0-0: Ball
1-0: Foul Ball, location: 2F
1-1: DOUBLE (Flyball, 89XD, EV 102.5 MPH)
Shadow Espinoza to third
Runner from 3rd tries for Home, SAFE, throw by CF to trailing runner, SAFE at third!
Batting: RHB Cheh Che 0-0: Ball
1-0: Ground out 6-3 (Groundball, 6, EV 104.4 MPH)
Luis Flores scores
Batting: RHB Woody Marshall 0-0: Ball
1-0: Ball
2-0: SINGLE (Groundball, 6MD, EV 96.2 MPH)
Batting: RHB George O'Rorke 0-0: Ball
1-0: Ball
2-0: Ball
3-0: Called Strike
3-1: Fly out, F8 (Flyball, 89M, EV 80.0 MPH)
Batting: RHB Francis Hicken 0-0: Foul Ball, location: 2F
0-1: Called Strike
0-2: Ball
1-2: SINGLE (Line Drive, 3D, EV 98.1 MPH)
Woody Marshall to second
Woody Marshall to third
Batting: RHB Nathan Nelson 0-0: Called Strike
0-1: Ball
1-1: Called Strike
1-2: Strikes out swinging
Top of the 4th over - 2 runs, 3 hits, 0 errors, 2 left on base; Galesburg 3 - Cut Off 0
BOTTOM OF THE 4TH
Cut Off Crawdads batting - Pitching for Galesburg Guzzlers : LHP Ron Lucas
Batting: RHB Ramón Gabriel 0-0: Called Strike
0-1: Fly out, F7 (Flyball, 7LS, EV 85.0 MPH)
Batting: RHB Michael Warner 0-0: Swinging Strike
0-1: Ball
1-1: Foul Ball, location: 2F
1-2: Strikes out swinging
Batting: RHB Tim Hankins 0-0: Ball
1-0: Called Strike
1-1: Swinging Strike
1-2: SINGLE (Groundball, 4MS, EV 67.5 MPH) (infield hit)
Batting: RHB Heng-zong Pao 0-0: Ball
1-0: Ball
2-0: Fielders Choice at 2nd, 6-4 (Groundball, 6, EV 87.5 MPH)
Bottom of the 4th over - 0 runs, 1 hit, 0 errors, 1 left on base; Galesburg 3 - Cut Off 0
TOP OF THE 5TH
Galesburg Guzzlers batting - Pitching for Cut Off Crawdads : LHP Ángel Díaz
Batting: RHB David Báez 0-0: Ball
1-0: Foul Ball, location: 2F
1-1: Swinging Strike
1-2: Ball
2-2: Foul Ball, location: 2F
2-2: DOUBLE (Flyball, 78D, EV 100.0 MPH)
Batting: RHB Ethan Allcorn 0-0: Called Strike
0-1: Foul Ball, location: 2F
0-2: Foul Ball, location: 2F
0-2: Ball
1-2: Strikes out looking
Batting: RHB Shadow Espinoza 0-0: Ball
1-0: Called Strike
1-1: Foul Ball, location: 2F
1-2: Ball
2-2: Strikes out swinging
Batting: LHB Luis Flores 0-0: Swinging Strike
0-1: Ball
1-1: Foul Ball, location: 2F
1-2: Strikes out swinging
Top of the 5th over - 0 runs, 1 hit, 0 errors, 1 left on base; Galesburg 3 - Cut Off 0
BOTTOM OF THE 5TH
Cut Off Crawdads batting - Pitching for Galesburg Guzzlers : LHP Ron Lucas
Batting: SHB Gabriel Ortíz 0-0: Ball
1-0: Called Strike
1-1: Foul Ball, location: 2F
1-2: Ball
2-2: Ground out 6-3 (Groundball, 6, EV 88.1 MPH)
Batting: LHB Sam Wells 0-0: Foul Ball, location: 2F
0-1: Ball
1-1: Foul Ball, location: 2F
1-2: Ground out 2-3 (Groundball, 13S, EV 75.0 MPH)
Batting: RHB Anthony Mitchell 0-0: Swinging Strike
0-1: Ground out 1-3 (Groundball, P, EV 90.6 MPH)
Bottom of the 5th over - 0 runs, 0 hits, 0 errors, 0 left on base; Galesburg 3 - Cut Off 0
TOP OF THE 6TH
Galesburg Guzzlers batting - Pitching for Cut Off Crawdads : LHP Ángel Díaz
Batting: RHB Cheh Che 0-0: Called Strike
0-1: Ball
1-1: Ground out 5-3 (Groundball, 56S, EV 83.1 MPH)
Batting: RHB Woody Marshall 0-0: Ball
1-0: Ground out 1-3 (Groundball, 13S, EV 75.6 MPH)
Batting: RHB George O'Rorke 0-0: Ball
1-0: SOLO HOME RUN (Flyball, 78XD, EV 108.8 MPH), Distance : 437 ft
Batting: RHB Francis Hicken 0-0: Foul Ball, location: 2F
0-1: Ball
1-1: Ball
2-1: Foul Ball, location: 2F
2-2: Fly out, F8 (Flyball, 89D, EV 91.9 MPH)
Top of the 6th over - 1 run, 1 hit, 0 errors, 0 left on base; Galesburg 4 - Cut Off 0
BOTTOM OF THE 6TH
Cut Off Crawdads batting - Pitching for Galesburg Guzzlers : LHP Ron Lucas
Batting: RHB Alan Shepherd 0-0: Ball
1-0: Foul Ball, location: 2F
1-1: Ball
2-1: Foul Ball, location: 2F
2-2: Foul Ball, location: 2F
2-2: Ball
3-2: Strikes out looking
Batting: RHB Anthony Roosemont 0-0: Ball
1-0: Ground out U3 (Groundball, 3, EV 100.6 MPH)
Batting: RHB Ramón Gabriel 0-0: Ball
1-0: DOUBLE (Line Drive, 89D, EV 110.6 MPH)
Batting: RHB Michael Warner 0-0: Foul Ball, location: 2F
0-1: Ball
1-1: Ball
2-1: Foul Ball, location: 2F
2-2: Strikes out swinging
Bottom of the 6th over - 0 runs, 1 hit, 0 errors, 1 left on base; Galesburg 4 - Cut Off 0
TOP OF THE 7TH
Galesburg Guzzlers batting - Pitching for Cut Off Crawdads : LHP Ángel Díaz
Pitching: RHP Ray Hart
Batting: RHB Nathan Nelson 0-0: Called Strike
0-1: SINGLE (Line Drive, 78S, EV 103.1 MPH)
Batting: RHB David Báez 0-0: Foul Ball, location: 2F
0-1: Fly out, F8 (Line Drive, 8LD, EV 106.2 MPH)
Batting: RHB Ethan Allcorn 0-0: Fielders Choice at 2nd, 6-4 (Groundball, 6M, EV 87.5 MPH)
Batting: RHB Shadow Espinoza 0-0: Ball
Ethan Allcorn steals 2nd base
1-0: Called Strike
1-1: Foul Ball, location: 2F
1-2: Strikes out swinging
Top of the 7th over - 0 runs, 1 hit, 0 errors, 1 left on base; Galesburg 4 - Cut Off 0
BOTTOM OF THE 7TH
Cut Off Crawdads batting - Pitching for Galesburg Guzzlers : LHP Ron Lucas
Batting: RHB Tim Hankins 0-0: Ball
1-0: Swinging Strike
1-1: Foul Ball, location: 2F
1-2: Foul Ball, location: 2F
1-2: Ball
2-2: Foul Ball, location: 2F
2-2: Foul Ball, location: 2F
2-2: Ball
3-2: SINGLE (Groundball, 34D, EV 95.6 MPH)
Pitching: RHP Aarnoud Luyks
Batting: RHB Heng-zong Pao 0-0: Ball
1-0: Ball
2-0: Called Strike
2-1: Foul Ball, location: 2F
2-2: Ball
3-2: Foul Ball, location: 2F
3-2: Fly out, F8 (Line Drive, 8RM, EV 106.2 MPH)
Batting: SHB Gabriel Ortíz 0-0: Ball
1-0: Ball
2-0: SINGLE (Groundball, 3, EV 79.4 MPH) (infield hit)
Tim Hankins to second
Batting: LHB Sam Wells 0-0: Called Strike
Gabriel Ortíz steals 2nd base (no throw)
Tim Hankins steals 3rd base
0-1: Ball
1-1: Foul Ball, location: 2F
1-2: SINGLE (Line Drive, 89S, EV 104.4 MPH)
Tim Hankins scores
Gabriel Ortíz to third
Batting: RHB Anthony Mitchell 0-0: Ball
1-0: Ball
Sam Wells is caught stealing 2nd base 2-4
2-0: Fly out, F9 (Flyball, 9LD, EV 104.4 MPH)
Bottom of the 7th over - 1 run, 3 hits, 0 errors, 1 left on base; Galesburg 4 - Cut Off 1
TOP OF THE 8TH
Galesburg Guzzlers batting - Pitching for Cut Off Crawdads : RHP Ray Hart
Batting: LHB Luis Flores 0-0: Ball
1-0: Called Strike
1-1: SINGLE (Groundball, 3D, EV 96.9 MPH)
Batting: RHB Cheh Che 0-0: Ball
1-0: Foul Ball, location: 2F
1-1: Ball
2-1: Hit by Pitch
Luis Flores to second
Batting: RHB Woody Marshall 0-0: Ball
1-0: Called Strike
1-1: Foul Ball, location: 2F
1-2: Strikes out swinging
Batting: RHB George O'Rorke 0-0: Foul Ball, location: 2F
0-1: Ball
1-1: Called Strike
1-2: Ball
2-2: Strikes out swinging
Batting: RHB Francis Hicken 0-0: Ball
1-0: Foul Ball, location: 2F
1-1: Ball
2-1: Foul Ball, location: 2F
2-2: Fly out, F7 (Flyball, 78D, EV 81.9 MPH)
Top of the 8th over - 0 runs, 1 hit, 0 errors, 2 left on base; Galesburg 4 - Cut Off 1
BOTTOM OF THE 8TH
Cut Off Crawdads batting - Pitching for Galesburg Guzzlers : RHP Aarnoud Luyks
Pitching: RHP Jorge Cambeiro
Now at 1B: Ching Sun
Batting: RHB Alan Shepherd 0-0: Swinging Strike
0-1: Ball
1-1: Ball
2-1: Ball
3-1: Ground out 1-3 (Groundball, 34S, EV 95.0 MPH)
Batting: RHB Anthony Roosemont 0-0: Called Strike
0-1: Foul Ball, location: 2F
0-2: Strikes out swinging
Batting: RHB Ramón Gabriel 0-0: Ball
1-0: Fly out, F4 (Popup, 34D, EV 43.1 MPH)
Bottom of the 8th over - 0 runs, 0 hits, 0 errors, 0 left on base; Galesburg 4 - Cut Off 1
TOP OF THE 9TH
Galesburg Guzzlers batting - Pitching for Cut Off Crawdads : RHP Ray Hart
Batting: RHB Nathan Nelson 0-0: SINGLE (Groundball, 6D, EV 106.2 MPH)
Batting: RHB David Báez 0-0: Called Strike
0-1: Ball
1-1: Foul Ball, location: 2F
1-2: Fielders Choice at 2nd, 6-4 (Groundball, 6, EV 90.6 MPH)
Batting: RHB Ethan Allcorn 0-0: Foul Ball, location: 2F
0-1: Swinging Strike
0-2: Ball
1-2: Strikes out swinging
Batting: RHB Shadow Espinoza 0-0: Ball
1-0: Foul Ball, location: 2F
1-1: Ball
2-1: Called Strike
2-2: Ball
David Báez steals 2nd, throwing error, E2
David Báez to third
3-2: Ground out 4-3 (Groundball, 4, EV 78.8 MPH)
Top of the 9th over - 0 runs, 1 hit, 1 error, 1 left on base; Galesburg 4 - Cut Off 1
BOTTOM OF THE 9TH
Cut Off Crawdads batting - Pitching for Galesburg Guzzlers : RHP Jorge Cambeiro
Batting: RHB Michael Warner 0-0: Ball
1-0: Called Strike
1-1: Ball
2-1: Foul Ball, location: 2F
2-2: Ball
3-2: Strikes out swinging
Batting: RHB Tim Hankins 0-0: Called Strike
0-1: Ground out 6-3 (Groundball, 6, EV 81.2 MPH)
Batting: RHB Heng-zong Pao 0-0: Ball
1-0: Ball
2-0: Called Strike
2-1: Ground out 6-3 (Groundball, 56, EV 85.0 MPH)
Bottom of the 9th over - 0 runs, 0 hits, 0 errors, 0 left on base; Galesburg 4 - Cut Off 1
Friday, March 26th, 2021 - OOTP Baseball 20.8 Build 74